[Event "Titled Tuesday Blitz October 31 Late 2023"]
[White "Souza, Gustavo Horokoski De"]
[Black "Tikhonov, Viacheslav"]
[WhiteFideId "2146584"]
[BlackFideId "44196407"]
[WhiteElo "2204"]
[BlackElo "2510"]
[Result "0-1"]
[Round "7"]
[TimeControl "180+1"]
[Date "2023.10.31"]
[WhiteClock "0:00:52"]
[BlackClock "0:00:35"]
[Board "82"]

1. c4 c5 2. g3 Nc6 3. Bg2 g6 4. Nc3 Bg7 5. Nf3 e5 6. O-O d6 7. e4 Nge7 8. d3 O-O 9. Be3 h6 10. Qc1 Kh7 11. h4 Nd4 12. Bxd4 cxd4 13. Nd5 Nxd5 14. cxd5 Bd7 15. Qd2 Qb6 16. Rfc1 Rfc8 17. Rxc8 Rxc8 18. Rc1 Rxc1+ 19. Qxc1 Bb5 20. Ne1 Qa6 21. Qb1 h5 22. a3 Qa4 23. Bf1 Bh6 24. Qc2 Qxc2 25. Nxc2 Ba4 26. Na1 Bd1 27. Bh3 Bc1 28. Bc8 b6 29. Kf1 Bxb2 30. Ke1 Ba4 31. Kd2 Bxa1 32. f4 Bc3+ 33. Ke2 f6 34. g4 exf4 35. gxh5 gxh5 36. Kf3 Bd2 37. Bf5+ Kh6 38. Bd7 Bxd7 0-1


[Site "https://www.chess.com"]

[Event "Titled Tuesday Blitz October 31 Late 2023"]
[White "Curtis, John"]
[Black "Cervantes Landeiro, Thalia"]
[WhiteFideId "3200256"]
[BlackFideId "3520498"]
[WhiteElo "2178"]
[BlackElo "2502"]
[Result "1-0"]
[Round "7"]
[TimeControl "180+1"]
[Date "2023.10.31"]
[WhiteClock "0:00:37"]
[BlackClock "0:00:02"]
[Board "83"]

1. c4 e5 2. Nc3 Nc6 3. g3 Bc5 4. Bg2 d6 5. e3 a6 6. Nge2 Ba7 7. d4 exd4 8. Nxd4 Nge7 9. Nxc6 Nxc6 10. b3 O-O 11. Bb2 Bd7 12. Nd5 Ne5 13. h3 Rb8 14. O-O b5 15. cxb5 Bxb5 16. Bxe5 dxe5 17. Re1 c6 18. Nb4 c5 19. Qxd8 Rfxd8 20. Nc6 Bxc6 21. Bxc6 Rd6 22. Be4 Rb4 23. Red1 Bb8 24. Rxd6 Bxd6 25. Rd1 Be7 26. Bd5 Kf8 27. Bc4 a5 28. Rd5 f6 29. Rd7 a4 30. Ra7 g5 31. g4 axb3 32. axb3 Rb8 33. Kg2 Rd8 34. Kf3 Rd2 35. Ke4 Rxf2 36. Bd5 Rh2 37. Kf5 Rxh3 38. Ra8+ Kg7 39. Rg8+ Kh6 40. Ke6 Rg3 41. Kxe7 Rxg4 42. e4 Rf4 43. Ke6 g4 44. Bc4 Kh5 45. Rg7 h6 46. Ke7 Kh4 47. Rg6 h5 48. Be6 g3 49. Bf5 Rf2 50. Kxf6 g2 51. Kxe5 Rb2 52. Kf4 Rxb3 53. Rxg2 c4 54. Rh2+ 1-0


[Site "https://www.chess.com"]

[Event "Titled Tuesday Blitz October 31 Late 2023"]
[White "Kawuma, Patrick"]
[Black "Olsen, Filip Boe"]
[WhiteFideId "10000127"]
[BlackFideId "1440640"]
[WhiteElo "2402"]
[BlackElo "2642"]
[Result "1-0"]
[Round "7"]
[TimeControl "180+1"]
[Date "2023.10.31"]
[WhiteClock "0:00:08"]
[BlackClock "0:00:23"]
[Board "84"]

1. Nf3 d5 2. g3 g6 3. Bg2 Bg7 4. c4 dxc4 5. Na3 Nc6 6. Nxc4 e5 7. O-O Nge7 8. d3 O-O 9. Rb1 Be6 10. b4 Bxc4 11. dxc4 Qxd1 12. Rxd1 Rfd8 13. Bg5 f6 14. Bd2 Nf5 15. b5 Nce7 16. Bb4 Kf7 17. e3 c6 18. g4 Nh6 19. g5 Nhf5 20. gxf6 Bxf6 21. Nd2 Rac8 22. Ne4 Rxd1+ 23. Rxd1 cxb5 24. cxb5 Rc4 25. a3 Bh4 26. Ng3 b6 27. Kf1 Rc7 28. Ke2 h5 29. Rd2 Bxg3 30. hxg3 h4 31. gxh4 Nxh4 32. Be4 Nhf5 33. Rd8 Ke6 34. Ra8 Nd5 35. Re8+ Kf7 36. Rf8+ Ke6 37. Bxd5+ Kxd5 38. f3 Kc4 39. Re8 Kxb5 40. Rxe5+ Ka4 41. e4 Ng3+ 42. Kf2 Nh5 43. Rg5 a5 44. Bd6 Rd7 45. Rxg6 b5 46. Ke3 b4 47. axb4 axb4 48. e5 b3 49. Rg4+ Ka5 50. Bb4+ Kb5 51. Bd6 Rxd6 52. exd6 b2 53. Rg1 Nf6 54. Rb1 Nd5+ 55. Kd4 Kc6 56. Rxb2 Kxd6 57. Rd2 Nf6 58. Ke3+ Ke6 59. f4 Kf5 60. Kf3 Ne8 61. Rd5+ Ke6 62. Ra5 Nd6 63. Kg4 Ne4 64. f5+ Kf6 65. Ra6+ Ke5 66. Re6+ Kd5 67. Rxe4 Kxe4 68. f6 Ke5 69. f7 Ke4 70. f8=Q Kd5 71. Qe8 Kd4 72. Kf4 Kd3 73. Qe3+ Kc4 74. Qd2 Kb3 75. Ke5 Ka4 76. Qb2 Ka5 77. Kd6 Ka6 78. Kc6 Ka7 79. Qb7# 1-0


[Site "https://www.chess.com"]

[Event "Titled Tuesday Blitz October 31 Late 2023"]
[White "FuenfgegenWilly"]
[Black "Ordekalog"]
[WhiteElo "2398"]
[BlackElo "2555"]
[Result "0-1"]
[Round "7"]
[TimeControl "180+1"]
[Date "2023.10.31"]
[WhiteClock "0:00:00"]
[BlackClock "0:00:39"]
[Board "85"]

1. Nf3 d5 2. e3 c5 3. b3 Nc6 4. Bb2 Nf6 5. Bb5 Bd7 6. O-O Rc8 7. d3 e6 8. Nbd2 Bd6 9. Bxc6 Bxc6 10. Ne5 Qc7 11. f4 b5 12. Rf3 Bb7 13. Rg3 Rg8 14. a4 b4 15. Ndf3 h6 16. a5 a6 17. Nd2 Bf8 18. Qe2 Be7 19. e4 c4 20. bxc4 dxe4 21. Nxe4 Nxe4 22. dxe4 f6 23. Qh5+ g6 24. Rxg6 Qc5+ 25. Kh1 Rxg6 26. Qxg6+ Kd8 27. Rd1+ Kc7 28. Rd7+ Kb8 29. Bd4 Qxa5 30. Rxe7 b3 31. cxb3 Qa3 32. Qxf6 Bxe4 33. Qxe6 Qc1+ 34. Bg1 Bxg2+ 35. Kxg2 Qc2+ 36. Kh1 Qe4+ 0-1


[Site "https://www.chess.com"]

[Event "Titled Tuesday Blitz October 31 Late 2023"]
[White "Sargsyan, Anna M."]
[Black "Nikolova, Adriana"]
[WhiteFideId "13308130"]
[BlackFideId "2908689"]
[WhiteElo "2535"]
[BlackElo "2396"]
[Result "1-0"]
[Round "7"]
[TimeControl "180+1"]
[Date "2023.10.31"]
[WhiteClock "0:00:20"]
[BlackClock "0:00:00"]
[Board "86"]

1. d4 d5 2. c4 c6 3. Nc3 Nf6 4. Nf3 dxc4 5. a4 Bf5 6. Ne5 Nbd7 7. Nxc4 Qc7 8. g3 e5 9. dxe5 Nxe5 10. Bf4 Nfd7 11. Bg2 g5 12. Ne3 gxf4 13. Nxf5 O-O-O 14. Qc2 Nc4 15. O-O fxg3 16. hxg3 Nc5 17. b4 Ne6 18. b5 Rd2 19. Qe4 Nd6 20. Nxd6+ Rxd6 21. bxc6 Rxc6 22. Nb5 Qb6 23. Rac1 Bg7 24. Rxc6+ bxc6 25. Nd6+ Kc7 26. Nxf7 Re8 27. Rc1 c5 28. a5 Qa6 29. Rxc5+ Nxc5 30. Qxe8 Bf6 31. Ne5 Qe6 32. Qxe6 Nxe6 33. Nc4 Nd4 34. e4 Nb3 35. e5 Be7 36. f4 Bb4 37. a6 Bc5+ 38. Kf1 Nd4 39. Be4 h6 40. f5 Kd7 41. g4 Nb5 42. Ke2 Nc7 43. Bb7 Ke7 44. Kf3 Kf7 45. Ke4 Bb4 46. Bd5+ Ke7 47. f6+ Kf8 48. e6 Nxa6 49. Ne5 1-0


[Site "https://www.chess.com"]

[Event "Titled Tuesday Blitz October 31 Late 2023"]
[White "Ramadoss, Ashokkumar"]
[Black "Estrada Nieto, Julian"]
[WhiteFideId "5040990"]
[BlackFideId "5101018"]
[WhiteElo "2382"]
[BlackElo "2500"]
[Result "1-0"]
[Round "7"]
[TimeControl "180+1"]
[Date "2023.10.31"]
[WhiteClock "0:00:38"]
[BlackClock "0:00:00"]
[Board "87"]

1. Nf3 d5 2. c4 d4 3. b4 c5 4. d3 cxb4 5. a3 bxa3 6. Bxa3 Nc6 7. g3 g6 8. Bg2 Bg7 9. O-O Nf6 10. Nbd2 O-O 11. Nb3 Nd7 12. Nfd2 Re8 13. Ne4 Rb8 14. Nbc5 Nxc5 15. Nxc5 Be5 16. Qa4 Qc7 17. Rfb1 Bg4 18. Nxb7 Rec8 19. Nc5 Bxe2 20. Re1 Bg4 21. Na6 Qb6 22. Nxb8 Rxb8 23. Qxc6 Qxc6 24. Bxc6 Bf6 25. Bxe7 Bxe7 26. Rxe7 Rb2 27. Bd5 1-0


[Site "https://www.chess.com"]

[Event "Titled Tuesday Blitz October 31 Late 2023"]
[White "UK_23"]
[Black "ATM622"]
[WhiteElo "2380"]
[BlackElo "2448"]
[Result "1-0"]
[Round "7"]
[TimeControl "180+1"]
[Date "2023.10.31"]
[WhiteClock "0:00:43"]
[BlackClock "0:00:00"]
[Board "88"]

1. e4 c6 2. Nc3 d5 3. Nf3 dxe4 4. Nxe4 Nf6 5. Qe2 Bf5 6. Nxf6+ gxf6 7. d3 Nd7 8. Nh4 Bg6 9. g3 Bg7 10. f4 f5 11. Bg2 O-O 12. c3 e5 13. O-O Re8 14. Qf2 Bf6 15. Kh1 Kg7 16. Nxf5+ Bxf5 17. fxe5 Rxe5 18. d4 Bd3 19. dxe5 Nxe5 20. Rd1 Qe7 21. Bf4 Rd8 22. Qe3 Bf5 23. Rxd8 Ng4 24. Qxe7 Bxe7 25. Rd2 Bc5 26. Rf1 h5 27. h3 Nf6 28. Be5 1-0


[Site "https://www.chess.com"]

[Event "Titled Tuesday Blitz October 31 Late 2023"]
[White "Colivet Gamboa, Julio Cesar"]
[Black "Wanyama, Harold"]
[WhiteFideId "3949583"]
[BlackFideId "10000380"]
[WhiteElo "2376"]
[BlackElo "2448"]
[Result "1-0"]
[Round "7"]
[TimeControl "180+1"]
[Date "2023.10.31"]
[WhiteClock "0:00:37"]
[BlackClock "0:00:35"]
[Board "89"]

1. e4 c5 2. Nf3 e6 3. d4 cxd4 4. Nxd4 Nc6 5. Nc3 Qc7 6. Be3 a6 7. g3 Ne5 8. Bf4 b5 9. Bg2 Bb7 10. O-O Nf6 11. Qd2 d6 12. Rfe1 Nc4 13. Qc1 e5 14. b3 Nb6 15. Nd5 Nbxd5 16. exd5 O-O-O 17. Nxb5 axb5 18. Be3 Bxd5 19. c4 Bxg2 20. Kxg2 Kb8 21. cxb5 Qxc1 22. Rexc1 d5 23. Bb6 Rd7 24. Rc6 Be7 25. Rac1 d4 26. Bc7+ Rxc7 27. Rxc7 Nd5 28. Rd7 Nc3 29. Rxe7 f6 30. a4 Rc8 31. b6 d3 32. Rd7 e4 33. a5 Rc6 34. a6 Rxb6 35. Rxc3 Rxa6 36. Rc4 f5 37. Rc5 g6 38. Re5 Rc6 39. Re8+ Rc8 40. Rxc8+ Kxc8 41. Rd4 Kc7 42. f3 1-0


[Site "https://www.chess.com"]

[Event "Titled Tuesday Blitz October 31 Late 2023"]
[White "Harriott, Tyrell"]
[Black "Belenkaya, Dina"]
[WhiteFideId "2086484"]
[BlackFideId "24142654"]
[WhiteElo "2321"]
[BlackElo "2438"]
[Result "0-1"]
[Round "7"]
[TimeControl "180+1"]
[Date "2023.10.31"]
[WhiteClock "0:00:01"]
[BlackClock "0:00:22"]
[Board "90"]

1. d4 Nf6 2. e3 b6 3. f4 Bb7 4. Nf3 c5 5. c3 g6 6. Bd3 Bg7 7. O-O O-O 8. f5 Ne4 9. fxg6 fxg6 10. Nbd2 Nxd2 11. Bxd2 Nc6 12. Qe2 e5 13. d5 Ne7 14. e4 d6 15. Ng5 Bc8 16. Qe3 Bd7 17. Qg3 Qc7 18. a4 c4 19. Be2 h6 20. Nf3 g5 21. h4 g4 22. Nh2 h5 23. Bg5 Ng6 24. Be3 Rxf1+ 25. Nxf1 Rf8 26. Bg5 Nf4 27. Qe1 Qc5+ 28. Kh2 a5 29. Ng3 Qe3 30. Bxc4 Qxe1 31. Rxe1 Bxa4 32. Be7 Rc8 33. Ba6 Ra8 34. Bb7 Ra7 35. Bxd6 Rxb7 36. Nf5 Rd7 37. Bb8 Bf8 38. d6 Bc6 39. Kg3 a4 40. Re3 b5 41. Kf2 Kf7 42. g3 Ne6 43. Rd3 Nc5 44. Ke3 Bxe4 45. Rd1 Bxf5 46. Rf1 Ke6 47. Bc7 Bxd6 48. Bxd6 Rxd6 49. Re1 Rd3+ 50. Ke2 Rxg3 51. Rf1 Bd3+ 52. Kd2 Bxf1 53. Ke1 Bc4 54. Kf2 Ne4+ 55. Ke1 Rg2 56. Kd1 Rxb2 57. Kc1 Rh2 58. Kd1 g3 59. Kc1 Kd5 60. Kd1 Bd3 61. Kc1 Kc4 62. Kd1 a3 63. Ke1 a2 0-1


[Site "https://www.chess.com"]

[Event "Titled Tuesday Blitz October 31 Late 2023"]
[White "Yeritsyan, Hayk"]
[Black "Pinto, Daniel"]
[WhiteFideId "13307320"]
[BlackFideId "3303144"]
[WhiteElo "2437"]
[BlackElo "2418"]
[Result "1-0"]
[Round "7"]
[TimeControl "180+1"]
[Date "2023.10.31"]
[WhiteClock "0:00:17"]
[BlackClock "0:00:00"]
[Board "91"]

1. d4 Nf6 2. Nf3 c5 3. e3 g6 4. Bd3 Bg7 5. c3 O-O 6. Nbd2 d6 7. O-O Nc6 8. Qe2 e5 9. dxe5 dxe5 10. e4 Nh5 11. g3 Bh3 12. Rd1 Qe7 13. Nf1 Rad8 14. Ne3 Be6 15. Bc4 Rxd1+ 16. Nxd1 Nf6 17. Bg5 h6 18. Bxf6 Qxf6 19. Ne1 Na5 20. Bxe6 Qxe6 21. Ne3 f5 22. f3 fxe4 23. fxe4 c4 24. Nd5 Rf7 25. Nc2 Bf8 26. Rf1 Bc5+ 27. Kg2 b6 28. Rxf7 Qxf7 29. Qf3 Qxf3+ 30. Kxf3 Nb7 31. Nc7 Kf7 32. Nd5 Nd6 33. Ne1 h5 34. h4 Ne8 35. Nc2 Ke6 36. b4 cxb3 37. axb3 a5 38. b4 axb4 39. cxb4 Bg1 40. b5 Nf6 41. Nxf6 Kxf6 42. Nb4 Bc5 43. Nd5+ Ke6 44. g4 Bd4 45. Nc7+ Kd7 46. Nd5 Ke6 47. Kg3 Bc5 48. Kh3 Bd4 49. Nb4 Bc5 50. Nd3 Bd4 51. Ne1 Kd6 52. gxh5 gxh5 53. Nd3 Ke6 54. Kg2 Be3 55. Kf3 Bd4 56. Ke2 Kf6 57. Kd2 Ke6 58. Kc2 Kd6 59. Kb3 Be3 60. Kc4 Ke6 61. Ne1 Bf2 62. Nf3 Kd6 63. Kb4 Bc5+ 64. Kc4 Bf2 65. Kd3 Ke6 66. Ke2 Bc5 67. Nh2 Kf6 68. Nf1 Ke6 69. Ng3 Kf6 70. Nxh5+ Kg6 71. Ng3 Bd4 72. Kf3 Bc5 73. Kg4 Bf2 74. h5+ Kf6 75. Nf5 Bc5 76. Nh4 Bf2 77. h6 Bd4 78. Kh5 Bc3 79. Nf5 1-0


[Site "https://www.chess.com"]

[Event "Titled Tuesday Blitz October 31 Late 2023"]
[White "Vifleemskaia, Svetlana"]
[Black "Ankerst, Mihael"]
[WhiteFideId "4129490"]
[BlackFideId "14602369"]
[WhiteElo "2291"]
[BlackElo "2427"]
[Result "1/2-1/2"]
[Round "7"]
[TimeControl "180+1"]
[Date "2023.10.31"]
[WhiteClock "0:00:03"]
[BlackClock "0:00:05"]
[Board "92"]

1. d4 Nf6 2. c4 g6 3. Nc3 Bg7 4. e4 d6 5. Nge2 O-O 6. Ng3 Nbd7 7. Be2 a6 8. O-O c6 9. a4 a5 10. Be3 e5 11. d5 Nc5 12. Ra3 Qb6 13. Qd2 Rd8 14. Rd1 Ng4 15. Bxg4 Bxg4 16. f3 Bc8 17. Qf2 Qb4 18. dxc6 bxc6 19. Bxc5 Qxc4 20. Bxd6 Ba6 21. Qc5 Rxd6 22. Qxd6 Bf8 23. Qd2 Bc5+ 24. Kh1 Bxa3 25. bxa3 Rb8 26. Nge2 Kg7 27. h3 Rb3 28. Kh2 Rxa3 29. Rb1 Qc5 30. Rd1 Bxe2 31. Nxe2 Rxa4 32. Qd6 Qxd6 33. Rxd6 Rc4 34. Kg3 a4 35. Rd7 Kf6 36. Kf2 h5 37. h4 Ke6 38. Ra7 f5 39. Ke3 fxe4 40. fxe4 Kf6 41. Kd3 Rb4 42. Ra6 Rb3+ 43. Nc3 Rb2 44. Rxc6+ Kg7 45. Nxa4 Rxg2 46. Nc5 Rg4 47. Ne6+ Kh6 48. Ng5 Rxh4 49. Nf7+ Kg7 50. Nxe5 Rh1 51. Ke3 Rg1 52. Kf4 h4 53. Rc7+ Kh6 54. Nf7+ Kh5 55. Ne5 g5+ 56. Kf5 Rf1+ 57. Ke6 Kh6 58. Nf7+ Kg6 59. Ne5+ Kh6 60. Nf7+ Kg7 61. Nxg5+ Kg6 62. Nf7 h3 63. Ne5+ Kh6 64. Rc8 Kg7 65. Rc7+ Kh6 66. Rc8 Kg7 67. Rc7+ Kh6 1/2-1/2


[Site "https://www.chess.com"]

[Event "Titled Tuesday Blitz October 31 Late 2023"]
[White "Sramek, Vojtech"]
[Black "Su, Dion"]
[WhiteFideId "358681"]
[BlackFideId "2029731"]
[WhiteElo "2290"]
[BlackElo "2427"]
[Result "1-0"]
[Round "7"]
[TimeControl "180+1"]
[Date "2023.10.31"]
[WhiteClock "0:00:51"]
[BlackClock "0:00:42"]
[Board "93"]

1. e4 e6 2. d4 d5 3. exd5 exd5 4. Nf3 Bd6 5. c4 dxc4 6. Bxc4 Ne7 7. O-O O-O 8. Bg5 Bg4 9. Nc3 c6 10. d5 Qc7 11. h3 Bh5 12. Bb3 Nxd5 13. Nxd5 cxd5 14. Qxd5 Nc6 15. Rac1 Bf4 16. Bxf4 Qxf4 17. Qxh5 h6 18. Qg4 Qf6 19. Rfe1 Qxb2 20. Rc2 Qf6 21. Rd2 Rad8 22. Red1 Rxd2 23. Rxd2 Ne5 24. Nxe5 Qxe5 25. Re2 Qd6 26. g3 b5 27. Qf4 Qc5 28. Qe3 Qc7 29. Kh2 a5 30. Qe7 Qc3 31. Qe3 Qc7 32. Bc2 a4 33. Qd3 g6 34. Qxb5 a3 35. Bb3 Qc1 36. Re8 Qb2 37. Rxf8+ Kxf8 38. Qc5+ Kg7 39. Qe3 h5 40. h4 Qf6 41. Kg2 1-0


[Site "https://www.chess.com"]

[Event "Titled Tuesday Blitz October 31 Late 2023"]
[White "Fernandez Siles, Luis"]
[Black "Freeeeeeeeeeeeeeeeee"]
[WhiteFideId "2209420"]
[WhiteElo "2318"]
[BlackElo "2057"]
[Result "1-0"]
[Round "7"]
[TimeControl "180+1"]
[Date "2023.10.31"]
[WhiteClock "0:00:33"]
[BlackClock "0:00:15"]
[Board "94"]

1. e4 e6 2. d4 d5 3. e5 c5 4. c3 Nc6 5. Nf3 Qb6 6. a3 Bd7 7. b4 cxd4 8. cxd4 Rc8 9. Be3 Nge7 10. Bd3 Ng6 11. h4 a5 12. h5 Nge7 13. b5 Na7 14. a4 Nf5 15. g4 Bb4+ 16. Ke2 Nxe3 17. fxe3 h6 18. g5 hxg5 19. Nxg5 Qd8 20. Qg1 Qe7 21. Nf3 Qf8 22. Nbd2 Kd8 23. e4 Bc3 24. Rc1 b6 25. exd5 exd5 26. Qg2 Be6 27. Qg5+ Kd7 28. Bf5 Bxd2 29. Nxd2 Rxc1 30. Rxc1 Nc8 31. Nf3 Qe7 32. Qf4 Rxh5 33. Bxe6+ fxe6 34. Rc6 Rf5 35. Qc1 Qb4 36. Rc7+ Ke8 37. Rxc8+ Kf7 38. Qc7+ Kg6 39. Qc3 Qxa4 40. Rc7 Qxb5+ 41. Ke3 Qb4 42. Qxb4 axb4 43. Rb7 Rh5 44. Rxb6 Kf7 45. Rxb4 g5 46. Rb7+ Kg6 47. Kf2 g4 48. Ng1 Kf5 49. Re7 Ke4 50. Rxe6 Kxd4 51. Rg6 Rxe5 52. Rxg4+ Re4 53. Rg5 Kc4 54. Nf3 d4 55. Nd2+ Kd3 56. Nxe4 Kxe4 57. Ke2 d3+ 58. Kd2 Kd4 59. Rg4+ Kd5 60. Kxd3 Ke5 61. Re4+ Kf5 62. Ke3 Kf6 63. Kf4 Kg7 64. Kg5 Kf7 65. Re5 Kg7 66. Re7+ Kf8 67. Kf6 Kg8 68. Kg6 Kf8 69. Re6 Kg8 70. Re8# 1-0


[Site "https://www.chess.com"]

[Event "Titled Tuesday Blitz October 31 Late 2023"]
[White "Modric, Nesa"]
[Black "Howell, David W L"]
[WhiteFideId "922579"]
[BlackFideId "410608"]
[WhiteElo "2241"]
[BlackElo "2974"]
[Result "0-1"]
[Round "7"]
[TimeControl "180+1"]
[Date "2023.10.31"]
[WhiteClock "0:00:00"]
[BlackClock "0:00:07"]
[Board "95"]

1. e4 c5 2. c3 Nf6 3. e5 Nd5 4. Nf3 d6 5. d4 cxd4 6. exd6 e6 7. Nxd4 Bxd6 8. g3 O-O 9. Bg2 Nc6 10. O-O Bd7 11. c4 Nb6 12. Nxc6 Bxc6 13. Bxc6 bxc6 14. Qe2 Qc7 15. b3 a5 16. a3 Nd7 17. Bb2 Rfb8 18. Nd2 Be5 19. Bxe5 Qxe5 20. Qf3 Ra6 21. Ne4 Rab6 22. Rab1 h6 23. Rfd1 Nc5 24. Nd6 Qf6 25. Qxf6 gxf6 26. b4 axb4 27. axb4 Rxb4 28. Rxb4 Rxb4 29. Ra1 Nb7 30. Ne4 f5 31. Nf6+ Kg7 32. Nh5+ Kg6 33. Nf4+ Kf6 34. Ra7 Nd6 35. c5 Ne4 36. Nh5+ Kg6 37. Nf4+ Kf6 38. Nh5+ Ke5 39. Rxf7 Rb1+ 40. Kg2 Rb2 41. Nf4 Nxf2 42. Kf3 Rc2 43. Re7 Ne4 44. Rxe6+ Kd4 0-1


[Site "https://www.chess.com"]

[Event "Titled Tuesday Blitz October 31 Late 2023"]
[White "Baghdasaryan, Vahe"]
[Black "Hambleton, Aman"]
[WhiteFideId "13303139"]
[BlackFideId "2606577"]
[WhiteElo "2377"]
[BlackElo "2760"]
[Result "0-1"]
[Round "7"]
[TimeControl "180+1"]
[Date "2023.10.31"]
[WhiteClock "0:00:00"]
[BlackClock "0:00:04"]
[Board "96"]

1. e4 e5 2. Nf3 Nc6 3. Bb5 a6 4. Ba4 Nf6 5. O-O b5 6. Bb3 Bc5 7. c3 d6 8. d4 Bb6 9. a4 Rb8 10. a5 Ba7 11. h3 O-O 12. Be3 exd4 13. cxd4 Nxe4 14. Bd5 Qe8 15. Qc2 Nb4 16. Qxe4 Qxe4 17. Bxe4 d5 18. Bxh7+ Kxh7 19. Bf4 Bf5 20. Bxc7 Rbc8 21. Bd6 Nc2 22. Bxf8 Nxa1 23. Bd6 Nb3 24. Nc3 Nxd4 25. Nxd4 Bxd4 26. Nxd5 Rd8 27. Ne3 Bxe3 28. fxe3 Bd3 29. Bc7 Rc8 30. Rc1 f6 31. Kf2 Kg6 32. Ke1 Kf5 33. Kd2 Be4 34. g4+ Ke6 35. Bf4 Rd8+ 36. Ke2 g5 37. Bg3 Rh8 38. Rc5 Rxh3 39. Bf2 Bf3+ 40. Kd3 Rh2 41. Bg3 Rxb2 42. Rc7 Rb3+ 43. Kd4 Rb4+ 44. Kc5 Rc4+ 45. Kb6 Rxc7 46. Bxc7 b4 47. Kxa6 b3 48. Be5 fxe5 0-1


[Site "https://www.chess.com"]

[Event "Titled Tuesday Blitz October 31 Late 2023"]
[White "Ardelean, George-Catalin"]
[Black "nicholas_ilic"]
[WhiteFideId "1207091"]
[WhiteElo "2722"]
[BlackElo "2388"]
[Result "1-0"]
[Round "7"]
[TimeControl "180+1"]
[Date "2023.10.31"]
[WhiteClock "0:00:39"]
[BlackClock "0:00:00"]
[Board "97"]

1. d4 Nf6 2. Bf4 g6 3. Nc3 Bg7 4. e4 O-O 5. e5 Ne8 6. h4 d5 7. h5 c5 8. dxc5 Nc7 9. Qd2 Nc6 10. Bh6 Nxe5 11. hxg6 fxg6 12. Bxg7 Kxg7 13. Qh6+ Kf7 14. f4 Ng4 15. Qxh7+ Kf6 16. Nf3 Bf5 17. Qh4+ Kg7 18. Nd4 Rh8 19. Nxf5+ gxf5 20. Qg5+ Kf7 21. Qxf5+ Nf6 22. Rxh8 Qxh8 23. O-O-O e6 24. Qe5 Rc8 25. Be2 Qg7 26. g4 Nxg4 27. Qxg7+ Kxg7 28. Bxg4 Kf6 29. Nxd5+ 1-0


[Site "https://www.chess.com"]

[Event "Titled Tuesday Blitz October 31 Late 2023"]
[White "Souleidis, Georgios"]
[Black "Minina, Veronika"]
[WhiteFideId "4206827"]
[BlackFideId "4174780"]
[WhiteElo "2583"]
[BlackElo "2336"]
[Result "1-0"]
[Round "7"]
[TimeControl "180+1"]
[Date "2023.10.31"]
[WhiteClock "0:00:19"]
[BlackClock "0:00:00"]
[Board "98"]

1. e4 c5 2. Be2 Nc6 3. d3 g6 4. f4 Bg7 5. Nf3 e6 6. O-O Nge7 7. c3 O-O 8. Be3 d6 9. d4 cxd4 10. cxd4 d5 11. e5 Qb6 12. Qd2 Nf5 13. Bf2 h5 14. Nc3 Bd7 15. Rac1 Rfc8 16. Na4 Qd8 17. Nc5 b6 18. Nxd7 Qxd7 19. Ba6 Rc7 20. Rc2 Nce7 21. Rxc7 Qxc7 22. Rc1 Qd7 23. Qc2 Bf8 24. b3 Rb8 25. Qc7 Qe8 26. Bb5 Qd8 27. Qxd8 Rxd8 28. Ba6 Rd7 29. Kf1 Kg7 30. Ke2 Ng8 31. Rc8 Ba3 32. Bb5 Rb7 33. Kd3 Nge7 34. Rc2 Rb8 35. Ba6 Kf8 36. g3 Ke8 37. h3 Kd8 38. g4 hxg4 39. hxg4 Nh6 40. Nh2 Nhg8 41. Bh4 Ke8 42. Rc7 Kd8 43. Rxa7 Bc1 44. Bb5 Bxf4 45. Rd7+ Kc8 46. Bxe7 Nxe7 47. Rxe7 Bxh2 48. Rxf7 Ra8 49. a4 Rb8 50. Re7 g5 51. Rxe6 Bf4 52. Rd6 Kc7 53. Rd7+ Kc8 54. Rxd5 Kc7 55. Rd7+ Kc8 56. Ke4 Ra8 57. Rh7 Ra5 58. d5 Kd8 59. d6 1-0


[Site "https://www.chess.com"]

[Event "Titled Tuesday Blitz October 31 Late 2023"]
[White "Colbow, Collin"]
[Black "Balla, Tamas-Kristof"]
[WhiteFideId "16201132"]
[BlackFideId "1208497"]
[WhiteElo "2565"]
[BlackElo "2334"]
[Result "1-0"]
[Round "7"]
[TimeControl "180+1"]
[Date "2023.10.31"]
[WhiteClock "0:00:18"]
[BlackClock "0:00:15"]
[Board "99"]

1. d4 d5 2. Nf3 Nf6 3. e3 Bg4 4. Bd3 e6 5. O-O c5 6. b3 Nc6 7. Bb2 Bd6 8. Nbd2 O-O 9. a3 Rc8 10. h3 Bh5 11. dxc5 Bxc5 12. b4 Bd6 13. c4 dxc4 14. Nxc4 Be7 15. Be2 Qc7 16. Qb3 h6 17. Rac1 Rfd8 18. Nce5 Qb6 19. g4 Nxe5 20. Nxe5 Bg6 21. Nxg6 fxg6 22. Bc4 Rc6 23. Bd4 Qc7 24. Bxe6+ Kh7 25. Rxc6 Qxc6 26. Qc4 Qf3 27. Qc7 Re8 28. Qg3 Qc6 29. Ba2 Bd6 30. Qg2 Qc2 31. Bb1 Qb3 32. Qxb7 Be5 33. Qxa7 Bxd4 34. Qxd4 Qxa3 35. Qd3 Qxb4 36. Qxg6+ Kh8 37. Rd1 Rb8 38. Kg2 Qb7+ 39. e4 Qb3 40. e5 Qxd1 41. exf6 Qd5+ 42. Be4 Qg8 43. f7 1-0


[Site "https://www.chess.com"]

[Event "Titled Tuesday Blitz October 31 Late 2023"]
[White "Senft, Sean"]
[Black "Tifferet, Shaked"]
[WhiteFideId "2044960"]
[BlackFideId "2811529"]
[WhiteElo "2336"]
[BlackElo "2562"]
[Result "1-0"]
[Round "7"]
[TimeControl "180+1"]
[Date "2023.10.31"]
[WhiteClock "0:00:10"]
[BlackClock "0:00:10"]
[Board "100"]

1. d4 g6 2. c4 Bg7 3. Nc3 d6 4. e4 Nd7 5. f4 c5 6. d5 a6 7. a4 Nh6 8. Nf3 f5 9. Bd3 fxe4 10. Nxe4 Nf6 11. O-O Nxe4 12. Bxe4 O-O 13. Qc2 Nf5 14. Bd2 Nd4 15. Nxd4 Bxd4+ 16. Kh1 Bf5 17. Bc3 Bxc3 18. bxc3 Qd7 19. Rae1 Bxe4 20. Qxe4 Rf7 21. a5 Raf8 22. Re3 Qc7 23. Rg3 Kh8 24. h3 Qxa5 25. Qe2 Qd8 26. Qg4 Qc8 27. Qh4 Qf5 28. Re3 Qf6 29. Qg3 Qf5 30. Qh4 g5 31. Qh5 gxf4 32. Qxf5 Rxf5 33. Rxe7 R5f7 34. Re6 Rf6 35. Re7 R8f7 36. Re8+ Kg7 37. Kg1 f3 38. g4 Kg6 39. Kf2 Kg5 40. Kg3 f2 41. h4+ Kg6 42. Rg8+ Rg7 43. Rd8 Re7 44. Rxf2 Re3+ 45. Kg2 Rxf2+ 46. Kxf2 Rxc3 47. Rxd6+ Kf7 48. Rd7+ Kf6 49. Rxh7 b5 50. g5+ Kf5 51. cxb5 axb5 52. Ke2 b4 53. d6 b3 54. d7 Rc2+ 55. Ke3 Rc3+ 56. Kd2 Rc2+ 57. Kd1 Rh2 58. d8=Q b2 59. Qf6+ Kg4 60. Qe6+ Kg3 61. Qb3+ Kg4 62. Qe6+ Kg3 63. Qb3+ Kg4 64. Rb7 c4 65. Qxc4+ Kh5 66. Qb3 Rg2 67. Qxb2 Rg1+ 68. Ke2 Rg4 69. Kf3 Rg3+ 70. Kxg3 Kg6 71. Rb6+ Kf5 72. Rf6+ Ke4 73. Qe2+ Kd5 74. Rf5+ Kd6 75. Qe3 Kd7 76. Qe4 Kd6 77. Qe5+ Kd7 78. Rf6 Kd8 79. Qf5 Ke7 80. Qg6 Kd8 81. Qg7 Ke8 82. Rg6 Kd8 83. Rh6 Ke8 84. Rh8# 1-0


[Site "https://www.chess.com"]

[Event "Titled Tuesday Blitz October 31 Late 2023"]
[White "D`Arruda, Ricardo D."]
[Black "Padalka, Artem"]
[WhiteFideId "100692"]
[BlackFideId "14118637"]
[WhiteElo "2507"]
[BlackElo "2332"]
[Result "1-0"]
[Round "7"]
[TimeControl "180+1"]
[Date "2023.10.31"]
[WhiteClock "0:00:37"]
[BlackClock "0:00:00"]
[Board "101"]

1. d4 d5 2. Nf3 Nf6 3. g3 e6 4. Bg2 Be7 5. O-O O-O 6. c4 dxc4 7. Ne5 Nc6 8. Bxc6 bxc6 9. Nxc6 Qe8 10. Nxe7+ Qxe7 11. Qa4 c5 12. Qxc4 cxd4 13. Qxd4 Rd8 14. Qh4 Bb7 15. Nc3 h6 16. Be3 Rac8 17. Rfd1 Ba8 18. f3 Qb7 19. Rxd8+ Rxd8 20. b3 Rc8 21. Bd4 Nd5 22. Ne4 Rc2 23. Qd8+ Kh7 24. Qf8 f5 25. Nd6 Qd7 26. Qxa8 Qxd6 27. Qxa7 e5 28. Bf2 Nc3 29. Qe3 Nxe2+ 30. Kf1 Nd4 31. Qd3 Qc5 32. Rd1 Rc3 33. Qe2 Nxe2 34. Bxc5 Nxg3+ 35. hxg3 Rxc5 36. b4 Rc2 37. a4 Rb2 38. b5 1-0


[Site "https://www.chess.com"]